 Dungeon Crawl Stone Soup version 0.20-a0-509-ga2a529b (webtiles) character file.

138 Kaname the Charmwright (level 5, 37/38 HPs)
             Began as a Demonspawn Skald on Jan 22, 2017.
             Quit the game on level 3 of the Dungeon.
             The game lasted 00:07:03 (3843 turns).

Kaname the Charmwright (Demonspawn Skald)           Turns: 3843, Time: 00:07:04

Health: 37/38      AC:  5    Str: 11    XL:     5   Next: 1%
Magic:  5/8        EV: 12    Int: 15    God:
Gold:   133        SH:  0    Dex: 13    Spells: 3/8 levels left

rFire    . . .     SeeInvis .   x - +0 rapier
rCold    . . .     Gourm    .   b - +0 leather armour
rNeg     . . .     Faith    .   (no shield)
rPois    .         Spirit   .   (no helmet)
rElec    .         Reflect  .   (no cloak)
rCorr    .         Harm     .   (no gloves)
MR       .....                  (no boots)
Stlth    +++.......             (no amulet)
Regen    0.2/turn               (no ring)
                                (no ring)

@: no status effects
A: thin metallic scales 1, nightstalker 2
a: no special abilities


You were on level 3 of the Dungeon.
You were hungry.

You visited 1 branch of the dungeon, and saw 3 of its levels.

You collected 133 gold pieces.

Inventory:

Hand Weapons
 x - a +0 rapier (weapon)
Armour
 b - a +0 leather armour (worn)
Wands
 u - a wand of scattershot (4/9)
Scrolls
 e - 2 scrolls of magic mapping
 g - a scroll of immolation {unknown}
 h - 2 scrolls of remove curse {unknown}
 l - 2 scrolls of teleportation
 n - 2 scrolls of identify {unknown}
 p - 2 scrolls of noise {unknown}
 q - a scroll of amnesia {unknown}
 r - 2 scrolls of recharging {unknown}
Potions
 f - 3 potions of lignification {unknown}
 i - 2 potions of brilliance {unknown}
 k - 2 potions of berserk rage {unknown}
 m - a potion of mutation {unknown}
 o - 2 potions of haste {unknown}
 s - a potion of heal wounds {unknown}
 v - 2 potions of resistance {unknown}
Books
 c - a book of Battle

   Spells                             Type                      Level
   a - Infusion                       Charms                       1
   b - Shroud of Golubria             Charms/Translocation         2
   c - Song of Slaying                Charms                       2
   d - Spectral Weapon                Hexes/Charms                 3
   e - Regeneration                   Charms/Necromancy            3
 t - a book of Minor Magic

   Spells                             Type                      Level
   a - Magic Dart                     Conjuration                  1
   b - Blink                          Translocation                2
   c - Call Imp                       Summoning                    2
   d - Repel Missiles                 Charms/Air                   2
   e - Slow                           Hexes                        2
   f - Conjure Flame                  Conjuration/Fire             3
   g - Mephitic Cloud                 Conjuration/Poison/Air       3
Comestibles
 d - 3 bread rations
 j - 2 royal jellies
 w - a meat ration


   Skills:
 - Level 2.0 Fighting
 + Level 3.7 Short Blades
 - Level 0.8 Armour
 - Level 1.7 Dodging
 - Level 2.0 Spellcasting
 - Level 4.0 Charms


You had 3 spell levels left.
You knew the following spells:

 Your Spells              Type           Power        Failure   Level  Hunger
a - Infusion              Chrm           ##..         6%          1    #......
b - Song of Slaying       Chrm           ##......     10%         2    ###....
c - Shroud of Golubria    Chrm/Tloc      #.........   21%         2    ###....


Dungeon Overview and Level Annotations

Branches:
Dungeon (3/15)

Altars:


Innate Abilities, Weirdness & Mutations

You are partially covered in thin metallic scales. (AC +2)
You are significantly more attuned to the shadows.


Message History

Your magical infusion is running out.
The adder bites you. The adder bites you but does no damage.
You puncture the adder!
You kill the adder!
No target in view!
No target in view!
No target in view!
Found a scroll labeled SON VIUT URA.
An adder comes into view.
You are no longer magically infusing your attacks.
The helpless adder fails to defend itself.
You puncture the adder!
The adder is almost dead.
The adder misses you.
You hit the adder.
You kill the adder!
You have reached level 5!
Your demonic ancestry asserts itself...
Thin metallic scales grow over part of your body.
Are you sure you want to abandon this character and quit the game? (Confirm with "yes".)

######### ........#
........##############
........'......)......
........######........
.........# #........
.........# #........
##.......# #....####
#...@...# #.....#..
#.......# ##.).....
#.?.....# #..<#)#.8
#..S....# #.###.#..
.....##### # ..#..
..... #####.# #......
#...).. ##......


You could see an adder (sleeping).

Vanquished Creatures
  5 adders
  An ooze (D:1)
  4 worms (D:2)
  6 dart slugs
  A leopard gecko (D:1)
  3 orcs
  10 bats
  5 goblins
  10 hobgoblins
  2 jackals (D:1)
  A quokka (D:2)
  2 ball pythons
  3 frilled lizards
  4 kobolds
  10 rats
67 creatures vanquished.

Notes
Turn   | Place    | Note
-------+----------+-------------------------------------------
     0 | D:1      | Kaname the Demonspawn Skald began the quest for the Orb.
     0 | D:1      | Reached XP level 1. HP: 16/16 MP: 3/3
   621 | D:1      | Reached skill level 3 in Charms
   623 | D:1      | Gained mutation: You are slightly more attuned to the shadows. [demonic ancestry]
   623 | D:1      | Reached XP level 2. HP: 22/22 MP: 0/5
   627 | D:1      | Learned a level 2 spell: Song of Slaying
   630 | D:1      | Learned a level 2 spell: Shroud of Golubria
  1214 | D:1      | Reached XP level 3. HP: 11/27 MP: 6/6
  1728 | D:1      | Reached skill level 4 in Charms
  2208 | D:2      | Gained mutation: You are significantly more attuned to the shadows. [demonic ancestry]
  2208 | D:2      | Reached XP level 4. HP: 28/33 MP: 4/7
  3756 | D:3      | Found a faded altar of an unknown god.
  3842 | D:3      | Gained mutation: You are partially covered in thin metallic scales. (AC +2) [demonic ancestry]
  3842 | D:3      | Reached XP level 5. HP: 36/38 MP: 5/8
  3843 | D:3      | Quit the game

Vault maps used:
D:1:      minmay_arrival_doors
D:3:      kennysheep_the_goblin_king, first_bread,
          chequers_ecumenical_altar_simple

Skill      XL: |  1  2  3  4 |
---------------+-------------+-----
Short Blades   | 2 3 |  3.7
Charms         | 3 4 |  4.0
Fighting       | |  2.0
Armour         | |  0.8
Dodging        | |  1.7
Spellcasting   | |  2.0

Action                   |  1- 3 |  4- 6 || total
-------------------------+-------+-------++-------
Melee: Short sword       |   167 |    97 ||   264
       Rapier            |       |     5 ||     5
 Cast: Infusion          |     5 |     7 ||    12
  Use: Scroll            |       |     2 ||     2
 Stab: Sleeping          |     7 |     7 ||    14
       Distracted        |     1 |     1 ||     2
  Eat: Chunk             |     4 |     5 ||     9
Armor: Leather armour    |    42 |    14 ||    56
Dodge: Dodged            |   103 |    56 ||   159
